 Dungeon Crawl Stone Soup version 0.19-a0-1792-g28b16ba (webtiles) character file.

23005 4thArraOfDagon the Carver (level 12, -2/165 HPs)
             Began as a Minotaur Monk on Oct 4, 2016.
             Was a Priest of Cheibriados.
             Slain by a blink frog (16 damage)
             ... on level 13 of the Dungeon.
             The game lasted 00:19:11 (3473 turns).

4thArraOfDagon the Carver (Minotaur Monk)           Turns: 3473, Time: 00:19:12

Health: -2/165     AC: -14   Str: 25    XL:     12   Next: 68%
Magic:  1/17       EV:  2    Int: 13    God:    Cheibriados [***...]
Gold:   402        SH:  0    Dex: 23    Spells: 0 memorised, 11 levels left

rFire  + . .     SeeInvis .     K - +2 scimitar (drain)
rCold  . . .     Gourm    .     (armour currently unavailable)
rNeg   + + +     Faith    .     (no shield)
rPois  +         Spirit   .     (helmet currently unavailable)
rElec  .         Dismiss  .     (cloak currently unavailable)
rCorr  .         Reflect  .     (gloves currently unavailable)
MR     .....     Harm     +     (boots currently unavailable)
Stlth  +++....... NoTele   +    f - amulet of harm
                                h - ring of protection from fire
                                C - +2 ring of strength

@: tree-form, corroded, very slow
A: (retaliatory headbutt), (horns 0)
a: Bend Time, Temporal Distortion, Renounce Religion


You were on level 13 of the Dungeon.
You worshipped Cheibriados.
Cheibriados was most pleased with you.
You were near starving.
You were a tree.
You visited 2 branches of the dungeon, and saw 15 of its levels.
You also visited: Sewer and Bailey.

You collected 402 gold pieces.

Inventory:

Hand Weapons
 a - a +0 falchion
 l - a +0 long sword
 s - a +1 great sword
 K - a +2 scimitar of draining (weapon)
Armour
 b - a +0 robe
 d - the +1 robe of Defiance {Int+5}
   (You found it on level 12 of the Dungeon)

   It affects your intelligence (+5).
 i - a +0 ring mail
 k - a +0 scale mail
 t - a +0 plate armour
 u - a +0 pair of boots (melded)
 B - a +0 troll leather armour (melded)
Jewellery
 e - an uncursed ring of resist corrosion
 f - an amulet of harm (around neck)
 h - a ring of protection from fire (right branch)
 C - a +2 ring of strength (left branch)
Wands
 r - a wand of digging (14/24)
 x - a wand of polymorph (16/24)
 A - a wand of flame (0/48)
 D - a wand of lightning (0/15)
 J - a wand of slowing (6/48)
Scrolls
 p - 2 scrolls of remove curse
 q - 5 scrolls of enchant weapon
 y - 3 scrolls of teleportation
 F - a scroll of fear
Potions
 g - 2 potions of haste
 j - 2 potions of flight
 m - 2 potions of brilliance
 n - a potion of might
 E - a potion of beneficial mutation
Miscellaneous
 G - a lamp of fire (inert)
Comestibles
 c - 6 bread rations
 w - 2 meat rations


   Skills:
 + Level 11.1 Fighting
 * Level 14.6 Long Blades
 + Level 9.6 Armour
 + Level 10.4 Dodging
 - Level 1.5 Stealth
 + Level 8.3 Invocations


You had 11 spell levels left.
You didn't know any spells.

Dungeon Overview and Level Annotations

Branches:
Dungeon (14/15)            Temple (1/1) D:6            Lair (0/6) D:10
    Orc: D:9-12      Vaults: D:13-14

Altars:
Cheibriados
Dithmenos
Elyvilon
Fedhas
Gozag
Hepliaklqana
Makhleb
Nemelex Xobeh
Qazlal
Sif Muna
Trog
Uskayaw
Yredelemnul
Zin
The Shining One

Shops:
D:5 %

Annotations:
D:4 Sigmund
D:5 Pikel
D:9 4thArraOfDagon's ghost, novice TrWn


Innate Abilities, Weirdness & Mutations

((You reflexively headbutt those who attack you in melee.))
((You have a pair of horns on your head.))


Message History

You are near starving!
Unknown command.
You warp the flow of time around you!
You feel somewhat more hungry.
Cheibriados lowers the support of your attributes as your movement quickens.
Unknown command.
Unknown command.
You feel better.
You feel better.
Unknown command.
Evoke which item? (* to show all) (? for menu, Esc to quit)
Zapping:
x - a wand of polymorph (17/24)
Press: ? - help, Shift-Dir - straight line, f - soldier ant
Aim: a soldier ant (inner flame, chance to defeat MR: 46%)
The soldier ant evaporates and reforms as a blink frog!
This wand has 16 charges left.
The blink frog hits you!
* * * LOW HITPOINT WARNING * * *
Unknown command.
Unknown command.
You feel better. The blink frog hits you!
You die...

..# #...# #.*.#.#.#.#.#.##.# ..#
***###'###.##.†#.##..)#.#.. ..#
*,,,#...###.#...#....#(##..
..#****,*,###.##.#)#.....#((#)...
..#*,,+,*,,,#[#..###..#....(#.#..
..#..**,***,#.a..#....##...#.#...
....#**.......#.(#.#..[..a#...#..
..### *####+#####F#.)).....##.#..
### *,,* #♣##..........##.. *,**
##(##.(......#.#.. *,*
#.####....#..##...
***#.#####.##...##...#..#.#
#####**,,........#.####.##.#.##.#
.....,,,,.......#.#.##.#**#.##.##
#####**,,.......#.....#,,,,#.,**#
*,,............##******** #
*,,.......####..###########


You could see a blink frog.

Vanquished Creatures
  Frances (D:13)
  An orc warlord (Bailey)
  An entropy weaver (D:13)
  Erolcha (D:13)
  A queen ant (D:13)
  A tengu warrior (D:13)
  A hill giant (D:11)
  An orc knight (Bailey)
  A deep elf mage (D:13)
  2 ugly things (D:13)
  A troll (D:9)
  3 hippogriffs
  3 yaks (D:11)
  A vampire (D:13)
  2 hungry ghosts
  A steam dragon (D:13)
  2 mottled dragons
  15 soldier ants (D:13)
  6 orc warriors
  An ice beast (D:13)
  A sky beast (D:5)
  An eye of draining (D:10)
  2 ogres
  12 centaurs
  A crocodile (D:13)
  2 big kobolds
  4 bullfrogs
  A gnoll sergeant (D:11)
  2 scorpions
  A water moccasin skeleton (D:10)
  3 howler monkeys
  4 crimson imps
  2 jellies
  A bullfrog zombie (D:13)
  6 hounds
  4 centaur skeletons
  7 orc priests
  2 bullfrog skeletons
  12 orc wizards
  2 iguanas (D:13)
  25 worker ants
  2 adders (D:10)
  8 gnolls
  3 river rats
  2 shadow imps
  2 worms
  2 dart slugs
  38 orcs
  A ball python (D:5)
  3 bats
  2 giant cockroaches
  4 goblins
  6 hobgoblins
  7 jackals
  3 quokkas
  3 frilled lizards
  2 hobgoblin zombies (D:8)
  26 kobolds
  A kobold skeleton (D:8)
  2 kobold zombies (D:8)
  A leopard gecko zombie (D:5)
  2 orc zombies (D:8)
  2 rats (Sewer)
263 creatures vanquished.

Notes
Turn   | Place    | Note
-------+----------+-------------------------------------------
     0 | D:1      | 4thArraOfDagon the Minotaur Monk began the quest for the Orb.
     0 | D:1      | Reached XP level 1. HP: 19/19 MP: 0/0
   145 | D:1      | HP: 1/20 [hobgoblin/club (2)]
   146 | D:1      | Reached XP level 2. HP: 2/27 MP: 1/1
   310 | D:2      | Reached skill level 1 in Armour
   313 | D:2      | Reached skill level 4 in Long Blades
   369 | D:3      | Reached XP level 3. HP: 8/34 MP: 2/2
   628 | D:4      | Reached XP level 4. HP: 35/41 MP: 3/3
   652 | D:4      | Reached skill level 5 in Long Blades
   652 | D:4      | Reached XP level 5. HP: 27/47 MP: 4/4
   655 | D:4      | Found a blossoming altar of Fedhas.
   687 | D:4      | Noticed Sigmund
   693 | D:5      | Entered Level 5 of the Dungeon
   706 | D:5      | Found a glowing drain.
   718 | D:5      | Reached skill level 5 in Fighting
   731 | Sewer    | Entered a sewer
   806 | D:5      | Found Moeshe Vups's Food Shoppe.
   828 | D:5      | Noticed a sky beast
   836 | D:5      | Killed a sky beast
   836 | D:5      | Reached XP level 6. HP: 20/56 MP: 5/5
   849 | D:5      | Reached skill level 6 in Long Blades
   852 | D:5      | Noticed a slave
   853 | D:5      | Noticed a slave
   854 | D:5      | Noticed Pikel
   854 | D:5      | Noticed a slave
   898 | D:5      | Found a bloodstained altar of Trog.
  1126 | D:6      | Found a staircase to the Ecumenical Temple.
  1135 | Temple   | Entered the Ecumenical Temple
  1224 | Temple   | meh
  1237 | Temple   | Became a worshipper of Cheibriados the Contemplative
  1237 | Temple   | Reached * piety under Cheibriados
  1237 | Temple   | Reached ** piety under Cheibriados
  1292 | D:7      | Noticed a hippogriff
  1305 | D:7      | Killed a hippogriff
  1305 | D:7      | Reached skill level 5 in Dodging
  1305 | D:7      | Reached XP level 7. HP: 34/62 MP: 6/6
  1407 | D:7      | Reached skill level 7 in Long Blades
  1459 | D:9      | Noticed a troll
  1459 | D:9      | Noticed 4thArraOfDagon's ghost (novice TrWn)
  1465 | D:10     | Entered Level 10 of the Dungeon
  1469 | D:10     | Reached skill level 1 in Invocations
  1525 | D:10     | Found a staircase to the Lair.
  1571 | D:10     | Reached skill level 8 in Long Blades
  1571 | D:10     | Reached skill level 5 in Armour
  1571 | D:10     | Reached XP level 8. HP: 61/71 MP: 8/8
  1657 | D:8      | Reached *** piety under Cheibriados
  1659 | D:8      | Found a glowing golden altar of the Shining One.
  1760 | D:9      | Reached skill level 9 in Long Blades
  1780 | D:9      | Killed a troll
  1780 | D:9      | Reached XP level 9. HP: 16/79 MP: 3/10
  1910 | D:10     | Reached **** piety under Cheibriados
  2124 | D:11     | Reached skill level 10 in Long Blades
  2151 | D:11     | Noticed a cyan ugly thing
  2152 | D:11     | Noticed a hill giant
  2162 | D:11     | Killed a hill giant
  2200 | D:11     | Reached XP level 10. HP: 43/88 MP: 12/12
  2312 | D:11     | Reached skill level 5 in Invocations
  2361 | D:11     | Reached ***** piety under Cheibriados
  2457 | D:12     | Got a bloodstained robe
  2519 | D:12     | Reached skill level 11 in Long Blades
  2631 | D:12     | Found a flagged portal.
  2641 | Bailey   | Entered a bailey
  2657 | Bailey   | Identified the +1 robe of Defiance {Int+5} (You found it on level 12 of the Dungeon)
  2677 | Bailey   | Noticed an orc warlord
  2732 | Bailey   | Found a runed gate.
  2740 | Bailey   | Found a runed gate.
  2741 | Bailey   | Found a runed gate.
  2748 | Bailey   | Noticed an orc knight
  2754 | Bailey   | Killed an orc knight
  2801 | Bailey   | Killed an orc warlord
  2860 | Bailey   | Reached skill level 10 in Fighting
  2860 | Bailey   | Reached skill level 13 in Long Blades
  2860 | Bailey   | Reached XP level 11. HP: 100/100 MP: 13/15
  2934 | D:13     | Noticed an entropy weaver
  2936 | D:13     | Killed an entropy weaver
  2937 | D:13     | Reached XP level 12. HP: 107/107 MP: 5/16
  2942 | D:13     | Noticed an entropy weaver
  2975 | D:13     | Noticed Erolcha
  2980 | D:13     | Killed Erolcha
  3092 | D:13     | Noticed a tengu warrior
  3093 | D:13     | Noticed a centaur warrior
  3105 | D:13     | Killed a tengu warrior
  3260 | D:13     | Noticed a queen ant
  3264 | D:13     | Reached skill level 10 in Dodging
  3264 | D:13     | Reached skill level 14 in Long Blades
  3269 | D:13     | Killed a queen ant
  3307 | D:13     | Noticed Frances
  3320 | D:13     | Killed Frances
  3399 | D:14     | Noticed an ogre mage
  3469 | D:13     | HP: 7/165 [soldier ant (12)]
  3473 | D:13     | Slain by a blink frog

Vault maps used:
D:1:      sevenhm_arrival_forest_fort_large_2, minmay_misc_feat_hallway,
          minmay_strange_pillars
D:2:      kiku_gazebo_garden_becter, grunt_ministairs_12, uniq_natasha,
          uniq_iyjb
D:3:      nicolae_dithmenos_through_a_glass_darkly, uniq_jessica
D:4:      vehumet_altar_wand_db, first_bread, minmay_misc_feat_cross,
          fedhas_altar_3, uniq_sigmund
D:5:      overflow_temple_1_default, old_standard_altar, serial_shops,
          nicolae_shop_crystal, portal_sewer_entry_a, kennysheep_generic_room_9,
          uniq_pikel
D:6:      kennysheep_kobold_camp, nicolae_ru_the_path_less_chosen,
          lemuel_doored_altar, serial_co_window_serial, co_window_paths_b,
          co_window_corner_a, co_window_paths_a, co_window_paths_a,
          co_window_corner_a, co_window_paths_a, co_window_paths_b,
          co_window_2corner, co_window_corner_b, co_window_corner_b,
          co_window_broadway_c, glass_columns_a, glass_columns_a,
          glass_columns_b, glass_columns_c, glass_columns_a, serial_shops,
          nicolae_shop_behind_doors
D:7:      the_bakery, st_stairs_12
D:8:      lemuel_ice_statue, nicolae_tso_besieged_by_evil,
          nicolae_overflow_hidden_temple, uniq_psyche, uniq_maurice
D:9:      orc_0_dummy, nrook_pool_corridor
D:10:     lair_0_dummy
D:12:     enter_bailey_2
D:13:     david_vaults_5, minmay_another_anthill, uniq_frances, uniq_erolcha
D:14:     nicolae_wwwww, uniq_kirke, uniq_azrael, uniq_louise
Temple:   nicolae_temple_figure_eight
Sewer:    sewer_minmay_treatment
Bailey:   bailey_axe_bossmonster_kennysheep, bailey

Skill      XL: |  1  2  3  4  5  6  7  8  9 10 11 12 |
---------------+-------------------------------------+-----
Fighting       | 4 5 6 7 8 10 11 | 11.1
Armour         | 1 2 3 5 6 7 8 9 |  9.6
Long Blades    | 4 5 6 8 9 10 13 14 | 14.6
Dodging        | 4 5 6 7 9 10 | 10.4
Invocations    | 2 3 4 7 8 |  8.3
Stealth        | |  1.5

Action                   |  1- 3 |  4- 6 |  7- 9 | 10-12 || total
-------------------------+-------+-------+-------+-------++-------
Melee: Falchion          |    63 |       |       |       ||    63
       Headbutt          |    10 |    12 |    62 |    65 ||   149
       Long sword        |    13 |    59 |       |       ||    72
       Great sword       |       |    19 |   138 |   131 ||   288
       Scimitar          |       |       |       |    30 ||    30
Invok: Bend Time         |       |       |     4 |       ||     4
       Slouch            |       |       |       |     8 ||     8
       Temporal Distorti |       |       |       |    10 ||    10
Evoke: Wand              |       |       |       |    10 ||    10
       Lamp of fire      |       |       |       |     1 ||     1
  Use: Potion            |     2 |       |     1 |     9 ||    12
       Scroll            |     1 |     7 |     2 |     9 ||    19
 Stab: Sleeping          |     1 |       |       |     3 ||     4
       Distracted        |       |       |       |     3 ||     3
  Eat: Chunk             |       |       |     4 |     2 ||     6
       Pizza             |       |       |       |     2 ||     2
       Beef jerky        |       |       |       |     1 ||     1
Armor: Robe              |     3 |       |       |       ||     3
       Ring mail         |     7 |       |       |       ||     7
       Scale mail        |    13 |    33 |    16 |       ||    62
       Plate armour      |       |       |    59 |       ||    59
       Troll leather arm |       |       |     2 |    26 ||    28
       Skin              |       |       |       |     9 ||     9
Dodge: Dodged            |    34 |    63 |   106 |   227 ||   430
       Rpst.: Falchion   |     9 |       |       |       ||     9
       Long sword        |     2 |    14 |       |       ||    16
       Great sword       |       |     3 |    27 |    35 ||    65
       Scimitar          |       |       |       |     6 ||     6
